 Dungeon Crawl Stone Soup version 0.29.1-13-g9f3cf754e1 (webtiles) character file.

Game seed: 12866387058543191763

7 concernfroge the Scratcher (level 1, 0/9 HPs)
             Began as a Felid Transmuter on Jan 23, 2023.
             Slain by a kobold
             ... wielding a +0 dagger
              (3 damage)
             ... on level 1 of the Dungeon.
             The game lasted 00:01:05 (170 turns).

concernfroge the Scratcher (Felid Transmuter)        Turns: 170, Time: 00:01:06

Health: 0/9        AC:  1    Str:  6    XL:     1   Next: 83%
Magic:  4/4        EV: 17    Int: 20    God:
Gold:   5          SH:  0    Dex: 16    Spells: 3/4 levels left
                                        Lives:  0   Deaths: 0

rFire   . . .      SeeInvis +     - Unarmed
rCold   . . .      Faith    .   (shield unavailable)
rNeg    . . .      Spirit   .   (body armour unavailable)
rPois   .          Reflect  .   (helmet unavailable)
rElec   .          Harm     .   (cloak unavailable)
rCorr   .          Rampage  .   (gloves unavailable)
Will    .....                   (boots unavailable)
Stlth   ++........              (no amulet)
HPRegen 0.03/turn               c - +6 ring of intelligence
MPRegen 0.09/turn               (no ring)

@: quick
A: very small, claws 1, fangs 3, see invisible, speed 1, shaggy fur 1, stealthy
paws, no weapons or thrown items, no armour, multi-lived
a: no special abilities


You were on level 1 of the Dungeon.
You visited 1 branch of the dungeon, and saw 1 of its levels.

You collected 5 gold pieces.

Inventory:

Jewellery
 c - a +6 ring of intelligence (left paw)
Scrolls
 b - a scroll of poison {unknown}
Potions
 a - a potion of lignification


   Skills:
 + Level 1.2 Fighting
 + Level 2.9 Dodging
 + Level 0.9 Stealth
 + Level 3.1 Unarmed Combat
 - Level 2.0 Spellcasting
 - Level 2.1 Transmutations


You had 3 spell levels left.
You knew the following spells:

 Your Spells              Type           Power      Damage    Failure   Level
a - Beastly Appendage     Tmut           20%        N/A       6%          1

Your spell library contained the following spells:

 Spells                   Type           Power      Damage    Failure   Level
 Wereblood                Tmut           10%        N/A       10%         2
 Spider Form              Tmut/Pois      6%         N/A       30%         3
 Ice Form                 Ice/Tmut       6%         N/A       69%         4


Dungeon Overview and Level Annotations

Branches:
Dungeon (1/15)

Altars:


Innate Abilities, Weirdness & Mutations

You have sharp claws.
You have razor-sharp teeth.
You have supernaturally acute eyesight. (SInv)
You cover ground quickly. (Speed+)
You are covered in fur. (AC +1)
Your paws help you pounce on unaware monsters.
You are incapable of wielding weapons or throwing items.
You cannot wear armour.
You gain extra lives every three experience levels.


Message History

Confirm with . or Enter, or press ? or * to list all spells.
You miscast Beastly Appendage.
You are very lightly contaminated with residual magic.
Nothing appears to happen.
You scratch the dart slug but do no damage.
You scratch the dart slug.
You claw the dart slug, but do no damage.
The dart slug is moderately wounded.
The dart slug closely misses you.
You scratch the dart slug. You bite the dart slug.
You kill the dart slug!
Found a yellow potion.
c - a +6 ring of intelligence Your magical contamination has completely faded away.
You feel clever.
c - a +6 ring of intelligence (left paw)
You see here a dart slug corpse.
A frilled lizard is nearby!
There is a fountain of clear blue water here.
The frilled lizard hisses angrily.
You scratch the frilled lizard.
You bite the frilled lizard, but do no damage.
The frilled lizard is heavily wounded.
The frilled lizard barely misses you.
You scratch the frilled lizard but do no damage.
The frilled lizard is heavily wounded.
The frilled lizard bites you but does no damage.
You claw the frilled lizard!
You kill the frilled lizard!
The kobold throws a stone.
The stone closely misses you.
The kobold throws a stone.
The stone hits you.
There is a fountain of clear blue water here.
You closely miss the kobold. You miss the kobold. The kobold barely misses you.
You scratch the kobold but do no damage.
Your bite misses the kobold.
The gnoll hits you from afar with a +0 spear.
Ouch! That really hurt!
The kobold hits you with a +0 dagger.
You die...

. .. #. ##. # # .. ..
.##.## #.##.##.....#
#...........#
##....###...#
.....##.#)#...#
#.###.#$.......# #. #.#
#.##.@.##..# #.#.. #.#
#....K†.#..+ b.... #.#
#..#!#g##..# #.#..
#.####.###.....# #...#
#.#........#.#.#
....####.#.########...#
......................#
.........#.############
#..K######.#


You could see a gnoll and a kobold.

Vanquished Creatures
  A dart slug (D:1)
  2 hobgoblins (D:1)
  A frilled lizard (D:1)
  A kobold (D:1)
5 creatures vanquished.

Notes
Turn   | Place    | Note
-------+----------+-------------------------------------------
     0 | D:1      | concernfroge the Felid Transmuter began the quest for the
                  | Orb.
     0 | D:1      | Reached XP level 1. HP: 9/9 MP: 4/4
   170 | D:1      | Slain by a kobold

Illustrated notes

Levels and vault maps discovered:
D:1:      minmay_arrival_shattered_statue, layout_basic,
          shapermc_ecumenical_altar_ellora, minmay_pentomino_u4

Action                   || total
-------------------------++-------
Melee: Unarmed           ||    16
       Headbutt          ||     2
       Punch             ||     2
       Bite              ||     2
 Cast: Beastly Appendage ||     1
Armor: Skin              ||     1
Dodge: Dodged            ||    10
